 Dungeon Crawl Stone Soup version 0.28.0-49-g6dfe1f597d (console) character file.

Game seed: 1190292395698772640

23657 Faeu the Severer (level 12, -6/115 HPs)
             Began as a Minotaur Berserker on May 15, 2022.
             Was a High Priest of Trog.
             Killed by divine providence
             ... invoked by a meliai
              (14 damage)
             ... on level 13 of the Dungeon.
             The game lasted 01:04:47 (16212 turns).

Faeu the Severer (Minotaur Berserker)              Turns: 16212, Time: 01:04:48

Health: -6/115     AC: 28    Str: 32    XL:     12   Next: 73%
Magic:  11/11      EV:  8    Int:  4    God:    Trog [*****.]
Gold:   1054       SH:  9    Dex: 11    Spells: 11/11 levels left

rFire   + . .      SeeInvis .   Q - +9 lance {slay drac, rPois rF+ rC+ AC+3}
rCold   + + .      Faith    +   P - +0 kite shield {rC+}
rNeg    . . .      Spirit   .   d - +0 plate armour
rPois   +          Reflect  .   Y - +2 hat
rElec   .          Harm     .   H - +0 cloak
rCorr   .          Rampage  .   r - +2 pair of gloves
Will    .....                   M - +0 pair of boots
Stlth   ..........              I - amulet of faith {!P}
HPRegen 0.29/turn               x - +4 ring of slaying
MPRegen 0.12/turn               A - +6 ring of strength

@: no status effects
A: horns 2, retaliatory headbutt
a: Renounce Religion, Berserk, Trog's Hand, Brothers in Arms


You were on level 13 of the Dungeon.
You worshipped Trog.
Trog was extremely pleased with you.
You visited 1 branch of the dungeon, and saw 13 of its levels.
You also visited: Ossuary and Ice Cave.

You collected 1054 gold pieces.


Innate Abilities, Weirdness & Mutations

You have a pair of horns on your head.
You reflexively headbutt those who attack you in melee.


   Skills:
 - Level 13.0 Fighting
 + Level 15.9 Axes
 + Level 15.0 Armour
 - Level 2.1 Dodging
 - Level 6.1 Shields


You had 11 spell levels left.
You didn't know any spells.
Your spell library contained the following spells:

 Spells                   Type           Power      Damage    Failure   Level
 Confusing Touch          Hex            0%         N/A       100%        3
 Gell's Gravitas          Tloc           0%         N/A       100%        3
 Lesser Beckoning         Tloc           0%         N/A       100%        3
 Teleport Other           Tloc           0%         N/A       100%        3
 Yara's Violent Unravell  Hex/Tmut       0%         3d3       100%        5
 Enfeeble                 Hex            0%         N/A       100%        7

Inventory:

Hand Weapons
 f - the +2 Maxwell's thermic engine {flame, freeze}
   (You found it in an ice cave)

   It burns those it strikes, dealing additional fire damage.
   Big, fiery blades are also staple armaments of hydra-hunters.
   It freezes those it strikes, dealing additional cold damage.
   It can also slow down cold-blooded creatures.
   It becomes more effective when it hits something.
   This effect fades over time.
 m - a +0 war axe of freezing {axe}
   (You found it in an ice cave)
 L - a +3 short sword of draining {short}
   (You took it off a kobold on level 7 of the Dungeon)
 Q - the +9 lance "Wyrmbane" (weapon) {slay drac, rPois rF+ rC+ AC+3}
   (You found it on level 8 of the Dungeon)

   It inflicts extra damage against dragons and draconians.
   AC:        It affects your AC (+3).
   rF:        It protects you from fire.
   rC:        It protects you from cold.
   rPois:     It protects you from poison.
 Z - a +3 vorpal broad axe {axe}
   (Trog gifted it to you in an ice cave)
Missiles
 n - 7 javelins {throwing}
 K - 17 poisoned darts {throwing}
Armour
 d - a +0 plate armour (worn)
   (You took it off an orc warrior on level 7 of the Dungeon)
 p - the +1 pair of gloves "Vymuy" {-Tele rElec rPois Stlth+}
   (You found it on level 3 of the Dungeon)

   rElec:     It insulates you from electricity.
   rPois:     It protects you from poison.
   -Tele:     It prevents most forms of teleportation.
   Stlth:     It makes you more stealthy.
 r - a +2 pair of gloves (worn)
   (You found it on level 3 of the Dungeon)
 C - the +3 ring mail of Kuorchuw {rPois}
   (You found it on level 5 of the Dungeon)

   rPois:     It protects you from poison.
 H - a +0 cloak (worn)
   (You found it on level 6 of the Dungeon)
 M - a +0 pair of boots (worn)
   (You found it on level 7 of the Dungeon)
 P - a +0 kite shield of cold resistance (worn)
   (You found it in an ice cave)
 S - a +1 robe of fire resistance
   (You found it on level 8 of the Dungeon)
 Y - a +2 hat (worn)
   (You found it in an ice cave)
Jewellery
 a - a ring of ice
   (You found it in an ice cave)
 k - a +6 ring of dexterity
   (You found it on level 2 of the Dungeon)
 x - a +4 ring of slaying (left hand)
   (You found it on level 5 of the Dungeon)
 y - a ring of fire
   (You found it on level 5 of the Dungeon)
 A - a +6 ring of strength (right hand)
   (You found it on level 5 of the Dungeon)
 I - an amulet of faith (around neck) {!P}
   (You found it on level 8 of the Dungeon)
 V - a ring of resist corrosion
   (You found it on level 10 of the Dungeon)
 X - a ring of positive energy
   (You found it on level 11 of the Dungeon)
Wands
 o - a wand of paralysis (8)
   (You found it on level 8 of the Dungeon)
 D - a wand of acid (8) (quivered)
   (You found it on level 5 of the Dungeon)
 G - a wand of polymorph (2)
   (You took it off Eustachio on level 6 of the Dungeon)
 N - a wand of mindburst (4)
   (You found it on level 8 of the Dungeon)
 W - a wand of iceblast (3)
   (You took it off a gnoll on level 11 of the Dungeon)
Scrolls
 b - 2 scrolls of fog
 e - 3 scrolls of enchant armour
 g - 3 scrolls of enchant weapon
 h - 3 scrolls of vulnerability {!r!r}
 i - 3 scrolls of fear
 q - a scroll of magic mapping {!r}
 s - 6 scrolls of teleportation {@r4}
 t - a scroll of immolation {unknown}
 w - 3 scrolls of blinking {!r}
 B - 5 scrolls of noise {unknown}
 E - a scroll of holy word {unknown}
 T - a scroll of silence {unknown}
Potions
 c - 3 potions of lignification {unknown}
 j - 5 potions of flight
 l - 3 potions of ambrosia {unknown}
 u - 6 potions of heal wounds {@q2}
 v - 4 potions of haste {unknown}
 z - 3 potions of brilliance {unknown}
 F - 8 potions of curing {@q1}
 J - 2 potions of degeneration {unknown}
 O - 2 potions of might {unknown}
 R - a potion of resistance
 U - a potion of mutation {unknown}

Dungeon Overview and Level Annotations

Branches:
Dungeon (13/15)            Temple (0/1) D:7            Lair (0/6) D:10
    Orc (0/2) D:11        Ossuary (visited)           IceCv (visited)
 Vaults: D:13-14

Altars:
Cheibriados
Elyvilon
Gozag
Okawaru
Ru
Vehumet
Zin

Shops:
D:2 *   D:5 (

Annotations:
D:4 4 runed translucent doors, spica's ghost, novice HOBe
D:11 3 runed translucent doors, Quickbrownfox's ghost, journeyman DsIE

#...# #.#
########.## ##.##
#....^....# #...<
#.........######....
#...........[.##...:
#.........###..[....
#.........# ####....
#.........# #....
#.........# #....
####.###### #....
#y@..## #....
#y##..## #####
#.###..# #y# ##.#
#.# #'##### ..°
#.....######## ...
#.....##...... .....
#.....#..##### 8...8
#.....'.##
../../.#.....###
#....>#


You could see 3 meliai.


Message History

Trog accepts your kill.
Trog appreciates your killing of a magic user.
Your Armour skill increases to level 15!
You see here a +2 buckler.
You can't carry that many items.
Unknown command. 😕 HP[+1]
s - 6 scrolls of teleportation {@r4} (gained 1) 😎 HP[+1]
You open the door.
There is an open door here.
You now have 1049 gold pieces (gained 22).
As you open the door, it creaks loudly!
No target in view!
You see here a +0 pair of gloves.
There is an open door here.
You open the door.
There is an open door here.
You now have 1054 gold pieces (gained 5).
You open the door.
There is an open door here.
K - 17 poisoned darts {throwing} (gained 3) No target in view!
A meliai comes into view. It is wielding a +0 hand axe.
The meliai buzzes angrily.
A meliai comes into view. It is wielding a +0 hand axe.
A meliai comes into view. It is wielding a +0 war axe.
A boulder beetle comes into view.
The meliai invokes the aid of its god against you.
Something smites you! 😕 HP[-12]
You take 12 damage, and now have 103/115 hp.
Unknown command.
The meliai buzzes angrily.
The meliai hits you with a +0 hand axe! You block the meliai's attack.
The meliai hits you with a +0 hand axe.
The meliai stings you but does no damage. 😕 HP[-9]
You take 9 damage, and now have 94/115 hp.
You impale the meliai!!
The meliai invokes the aid of its god against you.
Something smites you!
The meliai mumbles some strange prayers to its god against you.
Something smites you! 😮 HP[-26]
You take 26 damage, and now have 68/115 hp.
MASSIVE DAMAGE!! (PAUSE)
You closely miss the meliai. You block the meliai's attack. x2
The meliai calls upon its god to heal the meliai.
The meliai is healed somewhat.
The meliai hits you but does no damage. The meliai stings you.
The boulder beetle leaps! 😮 HP[-2]
You take 2 damage, and now have 66/115 hp.
You closely miss the meliai. Your headbutt misses the meliai.
The meliai hits you with a +0 hand axe!
* * * LOW HITPOINT WARNING * * *
The meliai stings you but does no damage.
You block the meliai's attack. The meliai barely misses you. 😨 HP[-9]
You take 9 damage, and now have 57/115 hp.
You closely miss the meliai.
The meliai mumbles some strange prayers to its god against you.
Something smites you!
* * * LOW HITPOINT WARNING * * *
The meliai calls down the wrath of its god upon you.
Something smites you!
* * * LOW HITPOINT WARNING * * *
😨 HP[-25]
You take 25 damage, and now have 32/115 hp.
MASSIVE DAMAGE!! (PAUSE)
The meliai calls down the wrath of its god upon you.
Something smites you!
* * * LOW HITPOINT WARNING * * *
The boulder beetle leaps!
The meliai hits you but does no damage.
The meliai stings you but does no damage. 😱 HP[-14]
You take 14 damage, and now have 18/115 hp.
The meliai invokes the aid of its god against you.
Something smites you!
* * * LOW HITPOINT WARNING * * *
😱 HP[-15]
You take 15 damage, and now have 3/115 hp.
Really read
w - 3 scrolls of blinking {!r}? [Y]es or [N]o only, please.
Really read
w - 3 scrolls of blinking {!r}?
Blink to where?
Press: ? - help, Dir - move target
Okay, then.
Unknown command.
Unknown command.
You feel much better.
The meliai calls down the wrath of its god upon you.
Something smites you!
* * * LOW HITPOINT WARNING * * *
The meliai barely misses you. You furiously retaliate!
You headbutt the meliai! You block the meliai's attack. x2
The meliai stings you but does no damage.
The meliai invokes the aid of its god against you.
Something smites you!
You die...

Skill      XL: |  1  2  3  4  5  6  7  8  9 10 11 12 |
---------------+-------------------------------------+-----
Axes           | 4 5 6 7 8 9 11 14 15 | 15.9
Fighting       | 4 8 11 13 | 13.0
Armour         | 3 7 10 13 15 | 15.0
Shields        | 6 |  6.1
Dodging        | |  2.1

Action                   |  1- 3 |  4- 6 |  7- 9 | 10-12 || total
-------------------------+-------+-------+-------+-------++-------
Melee: Hand axe          |    98 |   133 |   264 |    22 ||   517
       Headbutt          |    14 |    20 |    52 |   126 ||   212
       Punch             |     1 |     2 |     5 |     1 ||     9
       Unarmed           |       |       |     8 |       ||     8
       Lance             |       |       |       |   507 ||   507
Invok: Berserk           |     1 |     4 |     5 |    15 ||    25
Evoke: Wand              |       |       |     1 |    11 ||    12
  Use: Scroll            |       |       |     5 |     8 ||    13
       Potion            |       |       |       |     1 ||     1
 Stab: Sleeping          |     1 |       |       |       ||     1
       Confused          |       |       |     1 |       ||     1
       Paralysed         |       |       |       |     1 ||     1
Armor: Animal skin       |    13 |       |       |       ||    13
       Chain mail        |     6 |    66 |    20 |       ||    92
       Ring mail         |       |       |    38 |       ||    38
       Plate armour      |       |       |    29 |   330 ||   359
Dodge: Dodged            |    66 |    61 |   110 |   153 ||   390
Block: Kite shield       |       |       |       |   118 ||   118

Levels and vault maps discovered:
D:1:      sevenhm_arrival_forest_fort_small_6, layout_basic,
          minmay_three_crescents
D:2:      layout_basic, serial_shops, shop
D:3:      layout_loops_corners, mainiacjoe_overflow_alcove_1,
          mainiacjoe_overflow_small_starburst, ebering_ghost_sewer_f,
          uniq_natasha
D:4:      layout_cave_pools, gammafunk_ghost_nasty_kobolds, chequers_arboretum,
          uniq_edmund, uniq_crazy_yiuf_cottage
D:5:      layout_gridville, marbit_many_paths, mainiacjoe_overflow_two_lobes,
          serial_shops, shop_statue, minmay_misc_feat_tiny
D:6:      layout_rooms, uniq_grinder, uniq_eustachio, uniq_blork_the_orc
D:7:      layout_loops_ring, minmay_temple_entry_glassed_door
D:8:      layout_cave_pools, nicolae_overflow_crystal_walls,
          nicolae_ossuary_entry_giza, wad_mini_maze, uniq_maggie
D:9:      layout_roguey
D:10:     layout_gridville, erik_lair_orcish_takeover, grunt_livestock
D:11:     layout_loops_ring, orc_0_dummy, ebering_ghost_gozag,
          hangedman_decor_points, nicolae_ru_great_annihilating_truth
D:12:     layout_loops_corners, portal_ice_cave_entry_pillars_1, special_room
          [special_room_orc]
D:13:     layout_roguey, erik_vaults_1, grunt_ministairs_3, lemuel_freeze_loot_1

Notes
Turn   | Place    | Note
-------+----------+-------------------------------------------
     0 | D:1      | Faeu the Minotaur Berserker began the quest for the Orb.
     0 | D:1      | Reached XP level 1. HP: 19/19 MP: 0/0
     0 | D:1      | magus.rc [v1.9.6]
   113 | D:1      | Reached skill level 4 in Axes
   141 | D:1      | You pick up a book of Displacement {forbidden} and begin
                  | reading...
   141 | D:1      | You add the spells Lesser Beckoning, Gell's Gravitas and
                  | Teleport Other to your library.
   235 | D:1      | Reached XP level 2. HP: 26/26 MP: 1/1
   923 | D:1      | Reached skill level 5 in Axes
   956 | D:2      | Reached XP level 3. HP: 28/31 MP: 2/2
  1126 | D:2      | Reached ** piety under Trog
  1193 | D:2      | Found Eblor's General Store.
  2301 | D:3      | Found an opulent altar of Gozag.
  2381 | D:3      | Found a glowing silver altar of Zin.
  2410 | D:3      | Reached skill level 6 in Axes
  2410 | D:3      | Reached XP level 4. HP: 36/39 MP: 3/3
  2458 | D:3      | Found a runed translucent door.
  2463 | D:3      | Noticed Atelerd's ghost (weakling OpEE)
  2858 | D:3      | Reached skill level 7 in Axes
  2858 | D:3      | Reached XP level 5. HP: 45/45 MP: 4/4
  2861 | D:3      | Identified the +2 leather armour "Tuof" {Will+}
  2875 | D:3      | Identified the +1 pair of gloves "Vymuy" {-Tele rElec rPois
                  | Stlth+}
  2880 | D:3      | Noticed Natasha
  2904 | D:3      | HP: 10/45 [Natasha (7)]
  2906 | D:3      | Killed Natasha
  3330 | D:3      | Found a runed translucent door.
  3568 | D:3      | Killed Atelerd's ghost
  3653 | D:4      | Reached *** piety under Trog
  3658 | D:4      | HP: 15/67 [orc/+0 trident (7)]
  3662 | D:4      | HP: 7/67 [orc/+0 trident (2)]
  3670 | D:4      | Reached skill level 8 in Axes
  3938 | D:4      | Reached XP level 6. HP: 42/51 MP: 5/5
  4009 | D:4      | Found a runed translucent gate.
  4009 | D:4      | Found a runed translucent gate.
  4009 | D:4      | Found a runed translucent gate.
  4011 | D:4      | Noticed spica's ghost (novice HOBe)
  4116 | D:4      | Found a runed translucent door.
  4116 | D:4      | You fall into a shaft and drop 2 floors!
  4116 | D:6      | Noticed Grinder
  4120 | D:6      | Paralysed by Grinder for 6 turns
  4133 | D:5      | Entered Level 5 of the Dungeon
  4274 | D:5      | Noticed a sky beast
  4285 | D:5      | Killed a sky beast
  4431 | D:5      | Reached skill level 9 in Axes
  4502 | D:5      | Reached XP level 7. HP: 41/57 MP: 6/6
  4559 | D:5      | Reached skill level 10 in Axes
  4749 | D:5      | Found a white marble altar of Elyvilon.
  5377 | D:5      | Reached skill level 11 in Axes
  5390 | D:5      | Identified the +3 ring mail of Kuorchuw {rPois}
  5437 | D:5      | Found Neff's Antique Weapon Shop.
  5520 | D:5      | Found a radiant altar of Vehumet.
  5557 | D:5      | Found an iron altar of Okawaru.
  5789 | D:6      | Noticed Eustachio
  5930 | D:6      | Reached XP level 8. HP: 63/64 MP: 7/7
  5936 | D:6      | Killed Eustachio
  5937 | D:6      | Reached skill level 12 in Axes
  5998 | D:6      | Noticed Blork the orc
  6005 | D:6      | Killed Blork the orc
  6016 | D:6      | Paralysed by Grinder for 5 turns
  6025 | D:6      | Paralysed by Grinder for 7 turns
  6144 | D:6      | Killed Grinder
  6145 | D:6      | Reached skill level 13 in Axes
  6798 | D:7      | Reached skill level 14 in Axes
  6901 | D:7      | Reached skill level 4 in Fighting
  6901 | D:7      | Reached skill level 3 in Armour
  6901 | D:7      | Reached XP level 9. HP: 47/71 MP: 8/8
  7087 | D:7      | Found a staircase to the Ecumenical Temple.
  7098 | D:7      | Reached skill level 5 in Fighting
  7098 | D:7      | Reached skill level 4 in Armour
  7459 | D:7      | Reached skill level 5 in Armour
  7663 | D:7      | Reached skill level 6 in Fighting
  8090 | D:8      | Noticed a troll
  8095 | D:8      | Killed a troll
  8096 | D:8      | Reached skill level 6 in Armour
  8272 | D:8      | Found a sand-covered staircase.
  8281 | Ossuary  | Entered an ossuary
  8299 | Ossuary  | Reached **** piety under Trog
  8333 | Ossuary  | Reached skill level 7 in Fighting
  8628 | D:8      | Reached skill level 7 in Armour
  8651 | D:8      | Reached skill level 8 in Fighting
  8661 | D:8      | Reached XP level 10. HP: 68/89 MP: 9/9
  8674 | D:8      | Reached skill level 8 in Armour
  8898 | D:8      | Noticed Maggie
  8898 | D:8      | Maggie the Vainglorious comes into view. She is wielding
                  | the +9 lance "Wyrmbane" {slay drac, rPois rF+ rC+ AC+3}.
  8900 | D:8      | Aim: Maggie, wielding the +9 lance "Wyrmbane" {slay drac,
                  | rPois rF+ rC+ AC+3} and wearing +0 acid dragon scales
                  | (about 29% to evade your +0 hand axe)
  8900 | D:8      | Aim: Maggie, wielding the +9 lance "Wyrmbane" {slay drac,
                  | rPois rF+ rC+ AC+3} and wearing +0 acid dragon scales
                  | (about 29% to evade your +0 hand axe)
  8902 | D:8      | Aim: Maggie, wielding the +9 lance "Wyrmbane" {slay drac,
                  | rPois rF+ rC+ AC+3} and wearing +0 acid dragon scales
                  | (mesmerising, will become a frilled lizard, a worm, or an
                  | iguana, chance to affect: 49%)
  8902 | D:8      | Aim: Maggie, wielding the +9 lance "Wyrmbane" {slay drac,
                  | rPois rF+ rC+ AC+3} and wearing +0 acid dragon scales
                  | (mesmerising, will become a frilled lizard, a worm, or an
                  | iguana, chance to affect: 49%)
  8903 | D:8      | Aim: Maggie, wielding the +9 lance "Wyrmbane" {slay drac,
                  | rPois rF+ rC+ AC+3} and wearing +0 acid dragon scales
                  | (mesmerising, will become a frilled lizard, a worm, or an
                  | iguana, chance to affect: 49%)
  8903 | D:8      | Aim: Maggie, wielding the +9 lance "Wyrmbane" {slay drac,
                  | rPois rF+ rC+ AC+3} and wearing +0 acid dragon scales
                  | (mesmerising, will become a frilled lizard, a worm, or an
                  | iguana, chance to affect: 49%)
  8904 | D:8      | Aim: Maggie, wielding the +9 lance "Wyrmbane" {slay drac,
                  | rPois rF+ rC+ AC+3} and wearing +0 acid dragon scales
                  | (mesmerising, 71% to hit)
  8904 | D:8      | Aim: Maggie, wielding the +9 lance "Wyrmbane" {slay drac,
                  | rPois rF+ rC+ AC+3} and wearing +0 acid dragon scales
                  | (mesmerising, 71% to hit)
  8905 | D:8      | Aim: Maggie, wielding the +9 lance "Wyrmbane" {slay drac,
                  | rPois rF+ rC+ AC+3} and wearing +0 acid dragon scales
                  | (lightly wounded, mesmerising, will become a frilled
                  | lizard, a worm, or an iguana, chance to affect: 49%)
  8905 | D:8      | Aim: Maggie, wielding the +9 lance "Wyrmbane" {slay drac,
                  | rPois rF+ rC+ AC+3} and wearing +0 acid dragon scales
                  | (lightly wounded, mesmerising, will become a frilled
                  | lizard, a worm, or an iguana, chance to affect: 49%)
  8906 | D:8      | Aim: Maggie, wielding the +9 lance "Wyrmbane" {slay drac,
                  | rPois rF+ rC+ AC+3} and wearing +0 acid dragon scales
                  | (lightly wounded, mesmerising, chance to affect: 49%)
  8906 | D:8      | Aim: Maggie, wielding the +9 lance "Wyrmbane" {slay drac,
                  | rPois rF+ rC+ AC+3} and wearing +0 acid dragon scales
                  | (lightly wounded, mesmerising, chance to affect: 49%)
  8907 | D:8      | Aim: Maggie, wielding the +9 lance "Wyrmbane" {slay drac,
                  | rPois rF+ rC+ AC+3} and wearing +0 acid dragon scales
                  | (lightly wounded, paralysed, will become a frilled lizard,
                  | a worm, or an iguana, chance to affect: 49%)
  8907 | D:8      | Aim: Maggie, wielding the +9 lance "Wyrmbane" {slay drac,
                  | rPois rF+ rC+ AC+3} and wearing +0 acid dragon scales
                  | (lightly wounded, paralysed, will become a frilled lizard,
                  | a worm, or an iguana, chance to affect: 49%)
  8907 | D:8      | Noticed Maggie
  8907 | D:8      | Maggie changed into Maggie the iguana
  8913 | D:8      | Killed Maggie the iguana
  9062 | D:8      | Found a snail-covered altar of Cheibriados.
  9248 | D:8      | Noticed a salamander
  9258 | D:8      | Killed a salamander
  9275 | D:8      | Identified the +2 rapier of Fauff {pain, rC+ Will+ rCorr}
  9292 | D:8      | Reached skill level 9 in Fighting
  9671 | D:9      | You pick up a book of Misfortune {forbidden} and begin
                  | reading...
  9671 | D:9      | You add the spells Confusing Touch, Yara's Violent
                  | Unravelling and Enfeeble to your library.
  9800 | D:9      | Reached skill level 9 in Armour
 10184 | D:10     | Entered Level 10 of the Dungeon
 10215 | D:10     | Found a staircase to the Lair.
 10382 | D:10     | Noticed a cyclops
 10390 | D:10     | Killed a cyclops
 10391 | D:10     | Reached skill level 10 in Fighting
 10400 | D:10     | Noticed a two-headed ogre
 10406 | D:10     | Killed a two-headed ogre
 10407 | D:10     | Reached skill level 10 in Armour
 10695 | D:10     | Reached skill level 11 in Fighting
 10872 | D:10     | Reached XP level 11. HP: 102/102 MP: 10/10
 10879 | D:10     | Reached skill level 11 in Armour
 11010 | D:10     | Noticed a two-headed ogre
 11037 | D:10     | Killed a two-headed ogre
 11403 | D:11     | Found a sacrificial altar of Ru.
 11488 | D:11     | Reached skill level 1 in Shields
 11521 | D:11     | Found a runed translucent gate.
 11521 | D:11     | Found a runed translucent gate.
 11521 | D:11     | Found a runed translucent gate.
 11523 | D:11     | Found an opulent altar of Gozag.
 11523 | D:11     | Noticed a two-headed ogre
 11524 | D:11     | Noticed a stone giant
 11524 | D:11     | Noticed Quickbrownfox's ghost (journeyman DsIE)
 11524 | D:11     | Noticed a two-headed ogre
 11525 | D:11     | Noticed a centaur warrior
 11566 | D:11     | Reached ***** piety under Trog
 11672 | D:11     | Found a staircase to the Orcish Mines.
 11837 | D:11     | Reached skill level 2 in Shields
 12202 | D:12     | Noticed a green ugly thing
 12214 | D:12     | Killed a green ugly thing
 12215 | D:12     | Reached skill level 12 in Fighting
 12256 | D:12     | Found a frozen archway.
 12265 | IceCv    | Entered an ice cave
 12276 | IceCv    | Reached skill level 3 in Shields
 12569 | IceCv    | Reached skill level 12 in Armour
 12700 | IceCv    | Reached skill level 4 in Shields
 13056 | IceCv    | Noticed a white ugly thing
 13062 | IceCv    | Killed a white ugly thing
 13241 | IceCv    | Found an ancient bone altar of Kikubaaqudgha.
 13318 | IceCv    | Reached skill level 5 in Shields
 13515 | IceCv    | Reached skill level 13 in Fighting
 13680 | IceCv    | Reached skill level 6 in Shields
 13682 | IceCv    | Received a gift from Trog
 13894 | IceCv    | Reached skill level 13 in Armour
 13894 | IceCv    | Reached XP level 12. HP: 105/115 MP: 11/11
 14305 | IceCv    | Found the +2 Maxwell's thermic engine {flame, freeze}
 14558 | D:12     | Noticed a centaur warrior
 14559 | D:12     | Noticed a boulder beetle
 14569 | D:12     | Killed a centaur warrior
 14586 | D:12     | Killed a boulder beetle
 14587 | D:12     | Reached skill level 15 in Axes
 14825 | D:12     | Reached skill level 14 in Armour
 14828 | D:12     | Noticed a two-headed ogre
 14833 | D:12     | Killed a two-headed ogre
 15616 | D:12     | Noticed a four-headed hydra
 15623 | D:12     | Killed a four-headed hydra
 15880 | D:13     | Noticed a tengu warrior
 15881 | D:13     | Aim: a tengu warrior, wielding a +0 halberd and wearing a
                  | +0 leather armour (about 37% to evade the +9 lance
                  | "Wyrmbane")
 15881 | D:13     | Aim: a tengu warrior, wielding a +0 halberd and wearing a
                  | +0 leather armour (about 37% to evade the +9 lance
                  | "Wyrmbane")
 15881 | D:13     | Aim: a tengu warrior, wielding a +0 halberd and wearing a
                  | +0 leather armour (about 37% to evade the +9 lance
                  | "Wyrmbane")
 15881 | D:13     | Aim: a tengu warrior, wielding a +0 halberd and wearing a
                  | +0 leather armour (about 37% to evade the +9 lance
                  | "Wyrmbane")
 15952 | D:13     | Killed a tengu warrior
 16094 | D:13     | Reached skill level 15 in Armour
 16204 | D:13     | Noticed a boulder beetle
 16210 | D:13     | HP: 18/115 [meliai/divine providence (15)]
 16211 | D:13     | HP: 3/115 [meliai/divine providence (15)]
 16212 | D:13     | Killed from afar by a meliai

Vanquished Creatures
  A boulder beetle (D:12)
  A hydra (D:12)
  3 two-headed ogres
  A tengu warrior (D:13)
  A centaur warrior (D:12)
  A necromancer (IceCv)
  An orc knight (D:12)
  2 ugly things
  2 manticores (D:12)
  A salamander (shapeshifter) (D:8)
  A cyclops (D:10)
  An ice statue (IceCv)
  2 unseen horrors
  3 freezing wraiths (IceCv)
  2 entropy weaver simulacra (IceCv)
  A tengu conjurer (D:13)
  15 ice devils (IceCv)
  Grinder (D:6)
  2 trolls
  A slime creature (D:12)
  A human (D:10)
  A wraith (D:12)
  9 yaks
  4 hogs (D:10)
  Eustachio (D:6)
  A steam dragon (D:7)
  4 vampire mosquitoes (D:12)
  2 basilisks
  2 death yak simulacra (IceCv)
  3 wargs (D:10)
  2 harpy simulacra (IceCv)
  3 acid dragons
  3 water moccasins
  7 orc warriors
  An ice beast (D:7)
  A sky beast (D:5)
  3 black bears
  An ogre (D:7)
  5 centaurs
  A phantom (D:6)
  A kobold brigand (D:7)
  Blork the orc (D:6)
  2 bullfrogs
  2 scorpions (D:5)
  5 gnoll sergeants
  8 cane toad simulacra (IceCv)
  2 two-headed ogre simulacra (IceCv)
  3 elephant simulacra (IceCv)
  3 howler monkeys
  A bullfrog zombie (D:6)
  3 centaur zombies
  2 hounds
  5 orc priests
  A centaur skeleton (D:4)
  2 jellies
  3 iguanas
  7 orc wizards
  Natasha (D:3)
  A spriggan simulacrum (IceCv)
  2 polar bear simulacra (IceCv)
  2 troll simulacra (IceCv)
  5 wolf simulacra (IceCv)
  A killer bee zombie (D:9)
  The ghost of Atelerd the Digger, a weakling OpEE (D:3)
  9 mummies
  A howler monkey zombie (D:9)
  A naga simulacrum (IceCv)
  9 adders
  22 gnolls
  A white imp (D:7)
  2 worms
  3 dart slugs
  50 orcs
  4 ball pythons
  7 bats
  4 endoplasms
  2 giant cockroaches
  A gnoll zombie (Ossuary)
  3 hobgoblins
  3 jackals (D:2)
  5 quokkas
  3 frilled lizards
  6 goblins
  5 hobgoblin zombies (Ossuary)
  12 kobolds
  3 kobold zombies
  An orc zombie (D:8)
  7 rats
326 creatures vanquished.

Vanquished Creatures (others)
  A water elemental (D:13)
  An ice beast (D:7)
  An electric eel (D:13)
3 creatures vanquished.

Grand Total: 329 creatures vanquished

Table legend:
 A = Non-vault XP
 B = Vault XP
 C = Vault XP percentage of total XP
 D = Non-vault monster count
 E = Vault monster count
 F = Vault count percentage of total count
                 A         B        C        D         E       F
            +---------+---------+-------+---------+---------+-------
      Total |   18448 |   15349 |  45.4 |     197 |     130 |  39.8
            +---------+---------+-------+---------+---------+-------
        D:1 |      26 |      10 |  27.8 |      15 |       6 |  28.6
        D:2 |      53 |       0 |   0.0 |      19 |       0 |   0.0
        D:3 |     165 |      73 |  30.7 |      25 |       5 |  16.7
        D:4 |      60 |       0 |   0.0 |      10 |       0 |   0.0
        D:5 |     739 |     128 |  14.8 |      21 |       1 |   4.5
        D:6 |     733 |     571 |  43.8 |      12 |       3 |  20.0
        D:7 |    1493 |       0 |   0.0 |      23 |       0 |   0.0
        D:8 |    1534 |    1030 |  40.2 |      12 |       7 |  36.8
        D:9 |     655 |       0 |   0.0 |      12 |       0 |   0.0
       D:10 |    3068 |    1620 |  34.6 |      15 |      13 |  46.4
       D:11 |    1659 |      41 |   2.4 |      14 |       4 |  22.2
       D:12 |    6943 |    1261 |  15.4 |      16 |      24 |  60.0
       D:13 |    1320 |       0 |   0.0 |       3 |       0 |   0.0
    Ossuary |       0 |     153 | 100.0 |       0 |      16 | 100.0
      IceCv |       0 |   10462 | 100.0 |       0 |      51 | 100.0
            +---------+---------+-------+---------+---------+-------

Illustrated notes

Table legend:
 A = Kills in this place as a percentage of kills in entire the game.
 B = Kills by you in this place as a percentage of kills by you in the entire game.
 C = Kills by friends in this place as a percentage of kills by friends in the entire game.
 D = Other kills in this place as a percentage of other kills in the entire game.
 E = Experience gained in this place as a percentage of experience gained in the entire game.
 F = Experience gained in this place divided by the number of levels of this place that you have seen.
                   A       B       C       D       E      F
               +-------+-------+-------+-------+-------+----------------------
         Total | 100.0 | 100.0 |   N/A | 100.0 | 100.0 | 2253.1
       Dungeon |  79.5 |  79.4 |   N/A | 100.0 |  68.6 | 1783.2
       Ossuary |   4.9 |   4.9 |   N/A |   0.0 |   0.5 | 153.0
      Ice Cave |  15.6 |  15.6 |   N/A |   0.0 |  31.0 | 10462.0
               +-------+-------+-------+-------+-------+----------------------

Table legend: (Time is in decaauts)
 A = Elapsed time spent in this place.
 B = Non-inter-level travel time spent in this place.
 C = Inter-level travel time spent in this place.
 D = Time resting spent in this place.
 E = Time spent auto-exploring this place.
 F = Levels seen in this place.
 G = Mean time per level.
                   A        B        C        D        E       F      G
               +--------+--------+--------+--------+--------+-----+--------+
         Total |  16218 |  15698 |    520 |   3570 |   7330 |  15 | 1081.2 |
       Dungeon |  13692 |  13172 |    520 |   2421 |   7111 |  13 | 1053.2 |
       Ossuary |    291 |    291 |      0 |     62 |    102 |   1 |  291.0 |
      Ice Cave |   2233 |   2233 |      0 |   1087 |    117 |   1 | 2233.0 |
               +--------+--------+--------+--------+--------+-----+--------+

Top non-repeatable levels by time:
   IceCv: 2233 daAuts
     D:5: 1787 daAuts
     D:3: 1407 daAuts
    D:12: 1339 daAuts
     D:2: 1301 daAuts
     D:8: 1237 daAuts
     D:7: 1191 daAuts
    D:10: 1161 daAuts
    D:11: 973 daAuts
     D:1: 963 daAuts
     D:6: 848 daAuts
     D:9: 706 daAuts
     D:4: 480 daAuts
    D:13: 294 daAuts
 Ossuary: 291 daAuts
